 Dungeon Crawl Stone Soup version 0.23.1 (webtiles) character file.

Game seed: 0

61793 Laiders72 the Bludgeoner (level 14, -1/135 HPs)
             Began as a Deep Dwarf Fighter on Mar 6, 2019.
             Was the Champion of Makhleb.
             Slain by a slime creature (14 damage)
             ... on level 2 of the Swamp.
             The game lasted 00:55:34 (15819 turns).

Laiders72 the Bludgeoner (Deep Dwarf Fighter)      Turns: 15819, Time: 00:55:34

Health: -1/135     AC: 24    Str: 26    XL:     14   Next: 61%
Magic:  16/16      EV: 12    Int: 10    God:    Makhleb [******]
Gold:   962        SH: 12    Dex: 14    Spells: 13/13 levels left

rFire    + . .     SeeInvis .   L - +7 morningstar "Tahuzul" {crush, rN+ Str+4}
rCold    . . .     Gourm    .   c - +0 shield
rNeg     + + +     Faith    .   P - +8 scale mail of the Blind Marksman {-Tele rN+ Slay+2}
rPois    +         Spirit   .   r - +2 hat
rElec    .         Reflect  .   q - +1 cloak
rCorr    .         Harm     .   (no gloves)
MR       +++..     NoTele   +   R - +2 pair of boots {Fly}
Stlth    ..........             (no amulet)
HPRegen  0.00/turn              n - ring of protection from fire
MPRegen  0.15/turn              Q - ring "Ebabre Xiawn" {rPois MR+}

@: flying, non-regenerating
A: damage resistance, heal wounds, negative energy resistance 1, sense
surroundings 2, no regeneration
a: Heal Wounds, Minor Destruction, Lesser Servant of Makhleb, Major Destruction,
Greater Servant of Makhleb, Renounce Religion, Stop Flying


You were on level 2 of the Swamp.
You worshipped Makhleb.
Makhleb was exalted by your worship.
You were very hungry.

You visited 3 branches of the dungeon, and saw 18 of its levels.

You collected 1154 gold pieces.
You spent 192 gold pieces at shops.

Inventory:

Hand Weapons
 L - the +7 morningstar "Tahuzul" (weapon) {crush, rN+ Str+4}
   (You found it on level 9 of the Dungeon)

   It inflicts extra damage upon your enemies.
   It affects your strength (+4).
   It protects you from negative energy.
Missiles
 b - a throwing net
 w - 30 tomahawks (quivered)
 Y - 4 steel javelins
Armour
 c - a +0 shield (worn)
 q - a +1 cloak (worn)
 r - a +2 hat (worn)
 P - the +8 scale mail of the Blind Marksman (worn) {-Tele rN+ Slay+2}
   (You found it on level 8 of the Dungeon)

   It affects your accuracy and damage with ranged weapons and melee attacks
   (+2).
   It protects you from negative energy.
   It prevents most forms of teleportation.
 R - a +2 pair of boots of flying (worn)
Jewellery
 l - an uncursed ring of protection from cold
 n - a ring of protection from fire (left hand)
 o - an uncursed ring of positive energy
 A - an uncursed ring of protection from fire
 Q - the ring "Ebabre Xiawn" (right hand) {rPois MR+}
   (You found it on level 9 of the Dungeon)

   [ring of protection from magic]

   It protects you from poison.
   It affects your resistance to hostile enchantments.
Wands
 s - a wand of clouds (3)
 F - a wand of acid (28)
 O - a wand of scattershot (4)
 S - a wand of polymorph (17)
 U - a wand of enslavement (15)
 V - a wand of digging (5)
 Z - a wand of flame (20)
Scrolls
 e - 2 scrolls of magic mapping
 h - 6 scrolls of remove curse
 i - 2 scrolls of identify
 y - 7 scrolls of teleportation
 z - 4 scrolls of fear
 B - 2 scrolls of blinking {unknown}
 G - 2 scrolls of holy word
 H - 5 scrolls of fog
 I - a scroll of enchant weapon {unknown}
 K - a scroll of vulnerability {unknown}
 W - a scroll of amnesia
 X - a scroll of summoning {unknown}
Potions
 a - 4 potions of heal wounds
 d - 4 potions of might
 j - 10 potions of curing
 k - a potion of resistance
 m - 5 potions of brilliance
 p - a potion of invisibility
 x - 2 potions of lignification
 C - 4 potions of haste
 D - 2 potions of agility
 E - 2 potions of mutation
 M - a potion of ambrosia
 N - a potion of cancellation {unknown}
 T - 2 potions of magic {unknown}
Comestibles
 f - 42 rations


   Skills:
 + Level 11.2 Fighting
 - Level 16.0 Maces & Flails
 - Level 10.0 Armour
 - Level 6.1 Dodging
 + Level 8.8 Shields
 + Level 12.4 Invocations
 - Level 6.0 Evocations


You had 13 spell levels left.
You didn't know any spells.
Your spell library contained the following spells:

 Spells                   Type           Power        Failure   Level  Hunger
 Confusing Touch          Hex            #.....       86%         1    ##.....
 Flame Tongue             Conj/Fire      #....        86%         1    ##.....
 Magic Dart               Conj           #...         86%         1    ##.....
 Blink                    Tloc           N/A          94%         2    ###....
 Call Imp                 Summ           #.......     94%         2    ###....
 Slow                     Hex            #.......     94%         2    ###....
 Confuse                  Hex            #.......     99%         3    ####...
 Conjure Flame            Conj/Fire      #.......     99%         3    ####...
 Gell's Gravitas          Tloc           #.........   99%         3    ####...
 Mephitic Cloud           Conj/Pois/Air  #.......     99%         3    ####...
 Cause Fear               Hex            #.........   100%        4    #####..
 Petrify                  Tmut/Erth      #.......     100%        4    #####..
 Metabolic Englaciation   Hex/Ice        #.........   100%        5    ######.
 Yara's Violent Unravell  Hex/Tmut       #.........   100%        5    ######.
 Bolt of Fire             Conj/Fire      #.........   100%        6    #######
 Dragon Form              Tmut           #.........   100%        7    #######
 Dragon's Call            Summ           #.........   100%        9    #######


Dungeon Overview and Level Annotations

Branches:
Dungeon (10/15)            Temple (0/1) D:7            Lair (6/6) D:10
  Swamp (2/4) Lair:3        Snake (0/4) Lair:3        Slime (0/5) Lair:6
    Orc (0/2) D:10

Altars:
Cheibriados
Kikubaaqudgha
Makhleb
Okawaru
Ru
Uskayaw
Zin
The Shining One
Jiyva

Shops:
D:10 [


Innate Abilities, Weirdness & Mutations

You are resistant to damage.
You can heal yourself by infusing magical energy.
You resist negative energy. (rN+)
You passively map the area around you.
You do not regenerate.


Message History

The thorn hunter fires a volley of thorns at you.
You block the volley of thorns. You block the slime creature's attack.
You puncture the thorn hunter!
The thorn hunter is almost destroyed.
The thorn hunter hits you but does no damage.
The thorn hunter barely misses you. The slime creature hits you!
* * * LOW HITPOINT WARNING * * *
You feel much better.
The briar patch crumbles away.
The thorn hunter hits you but does no damage. x2
You block the slime creature's attack.
You sock the thorn hunter!
The thorn hunter is almost destroyed.
The briar patch crumbles away. x2
The thorn hunter gestures. x2
The thorn hunter hits you.
* * * LOW HITPOINT WARNING * * *
The thorn hunter hits you!
* * * LOW HITPOINT WARNING * * *
The slime creature hits you!
You die...

♣♣♣...≈≈≈.≈♣ ***
♣♣♣≈.≈≈.≈≈≈.≈♣♣ * ,
....≈≈≈.§....≈♣
,,.≈≈≈≈≈≈.......♣
,≈≈≈≈≈≈..≈.≈≈..♣ *
≈≈≈≈≈.....≈≈≈≈♣♣
..≈≈≈.≈≈≈.≈≈≈♣≈♣♣♣
*≈.§≈..Jf.≈......≈♣♣ ♣♣♣
≈.≈≈....@.?.≈≈..≈.≈♣♣♣≈♣♣
*
,...♣♣....≈≈§≈≈≈≈...♣.=≈.
* ,*≈*
♣...≈≈≈≈≈≈≈≈≈..≈.... *
.....≈≈≈≈≈≈≈≈≈≈..≈.≈≈. *
* ..<...≈≈≈.≈≈≈≈≈≈.≈♣.≈≈≈
, ,
,..≈..PPPPPP§≈≈≈≈...§♣♣≈.
,
#..PP♣♣P≈P.P≈≈≈≈§..≈♣≈≈.
, *, ##...
♣.≈.♣.≈≈≈≈≈......≈ , #.
...........≈......♣


You could see a thorn hunter and a slime creature.

Vanquished Creatures
  Rupert (Lair:3)
  The ghost of vishdafish the Blocker, a journeyman GnFi of Gozag (Lair:6)
  Josephine (Lair:6)
  2 fire dragons
  9 hydras
  3 alligators
  A two-headed ogre (D:9)
  6 death yaks
  Urug (Lair:5)
  An unseen horror (D:9)
  A swamp dragon (Swamp:1)
  Pikel (D:7)
  A deep elf mage (D:9)
  2 ugly things (D:10)
  6 elephants (Lair:5)
  7 black mambas
  A torpor snail (Lair:5)
  15 spiny frogs
  8 komodo dragons
  A rime drake (Lair:5)
  A troll (D:9)
  5 tyrant leeches
  10 hippogriffs
  4 polar bears
  4 blink frogs (Lair:6)
  3 hornets
  3 bog bodies
  2 dream sheep (Lair:6)
  4 slime creatures (Swamp:2)
  12 spriggans
  A shadow (Swamp:1)
  A vampire (D:9)
  3 wraiths (Lair:5)
  34 yaks
  2 wyverns
  2 steam dragons (D:10)
  5 basilisks
  Menkaure (D:6)
  Edmund (D:6)
  8 swamp worms
  3 nagas (Lair:3)
  3 insubstantial wisps (Swamp:2)
  11 porcupines
  A swamp drake (Swamp:1)
  13 water moccasins
  4 sky beasts
  4 orc warriors
  4 black bears
  A hornet zombie (D:7)
  3 slaves (D:7)
  4 phantoms
  18 wolves (Lair:6)
  7 ogres
  5 boggarts (Lair:6)
  2 centaurs
  9 crocodiles
  Blork the orc (D:5)
  18 bullfrogs
  A gnoll sergeant (D:5)
  2 scorpions
  23 killer bees
  5 wights (D:8)
  2 electric eels
  3 howler monkeys
  5 crimson imps
  4 hounds
  2 jellies
  4 orc priests
  4 bullfrog skeletons
  A centaur skeleton (D:8)
  Terence (D:3)
  Natasha (thrice) (D:3)
  3 iguanas
  6 orc wizards
  9 worker ants
  A hound skeleton (D:10)
  10 gnolls
  7 adders
  2 shadow imps
  An ooze (D:3)
  An adder zombie (D:9)
  6 worms
  2 adder skeletons
  2 dart slugs
  5 leopard geckos
  50 orcs
  A ball python (D:4)
  14 bats
  6 giant cockroaches
  20 goblins
  14 hobgoblins
  13 jackals
  3 quokkas
  5 frilled lizards
  15 kobolds
  A leopard gecko skeleton (D:4)
  A quokka zombie (D:8)
  8 rats
552 creatures vanquished.

Vanquished Creatures (collateral kills)
  A queen bee (D:8)
  4 killer bees (D:8)
5 creatures vanquished.

Vanquished Creatures (others)
  A swamp worm (Swamp:2)
  A swamp drake (Swamp:2)
  An orc (D:10)
  2 fungi (Lair:6)
5 creatures vanquished.

Grand Total: 562 creatures vanquished

Notes
Turn   | Place    | Note
-------+----------+-------------------------------------------
     0 | D:1      | Laiders72 the Deep Dwarf Fighter began the quest for the
                  | Orb.
     0 | D:1      | Reached XP level 1. HP: 20/20 MP: 1/1
   224 | D:1      | Reached XP level 2. HP: 28/28 MP: 2/2
  1035 | D:2      | Reached XP level 3. HP: 23/34 MP: 3/3
  1137 | D:2      | Reached skill level 3 in Maces & Flails
  1401 | D:2      | Reached XP level 4. HP: 32/44 MP: 4/4
  1662 | D:2      | Found a sacrificial altar of Ru.
  1662 | D:2      | Found a snail-covered altar of Cheibriados.
  2076 | D:3      | Reached XP level 5. HP: 14/50 MP: 5/5
  2167 | D:3      | Noticed Natasha
  2175 | D:3      | Killed Natasha
  2175 | D:3      | Reached skill level 4 in Maces & Flails
  2273 | D:3      | Noticed Natasha
  2283 | D:3      | Killed Natasha
  2317 | D:3      | Found an iron altar of Okawaru.
  2317 | D:3      | Noticed Terence
  2346 | D:3      | Killed Terence
  2351 | D:3      | Noticed Natasha
  2360 | D:3      | Killed Natasha
  2508 | D:3      | Found a burning altar of Makhleb.
  2523 | D:3      | Reached XP level 6. HP: 26/60 MP: 5/5
  2526 | D:3      | Became a worshipper of Makhleb the Destroyer
  2539 | D:3      | Found a hide-covered altar of Uskayaw.
  3043 | D:4      | Reached skill level 5 in Fighting
  3043 | D:4      | Reached skill level 5 in Maces & Flails
  3095 | D:4      | Reached * piety under Makhleb
  3147 | D:4      | Reached XP level 7. HP: 59/67 MP: 4/4
  3469 | D:5      | Entered Level 5 of the Dungeon
  3475 | D:5      | Reached skill level 6 in Maces & Flails
  3797 | D:5      | Noticed Blork the orc
  3812 | D:5      | Killed Blork the orc
  4113 | D:5      | Reached XP level 8. HP: 45/78 MP: 5/5
  4339 | D:6      | Noticed Edmund
  4342 | D:6      | Killed Edmund
  4342 | D:6      | Reached skill level 7 in Maces & Flails
  4360 | D:6      | Reached ** piety under Makhleb
  4670 | D:6      | Noticed Menkaure
  4690 | D:6      | Killed Menkaure
  4690 | D:6      | Reached skill level 8 in Maces & Flails
  4882 | D:6      | Got a warped ring mail
  4884 | D:6      | Identified the cursed +0 ring mail of Amorality {rC+++
                  | Dex-2 SInv Stlth+} (You found it on level 6 of the Dungeon)
  5159 | D:6      | Gained mutation: You passively map the area around you.
                  | [Deep Dwarf growth]
  5159 | D:6      | Reached XP level 9. HP: 72/88 MP: 6/6
  5274 | D:6      | Reached *** piety under Makhleb
  5575 | D:7      | Found a glowing golden altar of the Shining One.
  5655 | D:7      | Found a staircase to the Ecumenical Temple.
  5666 | D:7      | Noticed Pikel
  5691 | D:7      | Killed Pikel
  5691 | D:7      | Reached skill level 9 in Maces & Flails
  6210 | D:8      | Reached skill level 10 in Maces & Flails
  6390 | D:8      | Got a twisted scale mail
  6401 | D:8      | Identified the +8 scale mail of the Blind Marksman {-Tele
                  | rN+ Slay+2} (You found it on level 8 of the Dungeon)
  6452 | D:8      | Reached **** piety under Makhleb
  6491 | D:8      | Found a glowing silver altar of Zin.
  6500 | D:8      | Reached XP level 10. HP: 83/102 MP: 4/4
  6719 | D:8      | Reached skill level 10 in Fighting
  7006 | D:8      | Reached skill level 11 in Maces & Flails
  7109 | D:9      | Noticed a fire dragon
  7109 | D:9      | Noticed a deep elf mage
  7109 | D:9      | Noticed a two-headed ogre
  7123 | D:9      | Killed a fire dragon
  7154 | D:9      | Killed a two-headed ogre
  7157 | D:9      | Killed a deep elf mage
  7238 | D:9      | Killed an unseen horror
  7355 | D:9      | Reached skill level 5 in Armour
  7355 | D:9      | Reached skill level 5 in Shields
  7756 | D:9      | Reached XP level 11. HP: 55/108 MP: 8/8
  7833 | D:9      | Noticed a four-headed hydra
  7838 | D:9      | Killed a four-headed hydra
  7838 | D:9      | Reached skill level 12 in Maces & Flails
  7845 | D:9      | Got a faintly glowing morningstar
  7847 | D:9      | Got a brightly glowing glass ring
  7851 | D:9      | Got an ancient ring mail
  7858 | D:9      | Identified the +7 morningstar "Tahuzul" {crush, rN+ Str+4}
                  | (You found it on level 9 of the Dungeon)
  7971 | D:9      | Found an ancient bone altar of Kikubaaqudgha.
  8038 | D:9      | Identified the ring "Ebabre Xiawn" {rPois MR+} (You found
                  | it on level 9 of the Dungeon)
  8078 | D:9      | Identified the +2 ring mail "Qehef" {-Cast rC+ rN+ Str+7}
                  | (You found it on level 9 of the Dungeon)
  8178 | D:10     | Entered Level 10 of the Dungeon
  8182 | D:10     | Found a staircase to the Lair.
  8183 | D:10     | Noticed a fire dragon
  8192 | D:10     | Killed a fire dragon
  8192 | D:10     | Reached skill level 5 in Invocations
  8201 | D:10     | Reached ***** piety under Makhleb
  8312 | D:10     | Found Zillifin's Armour Shop.
  8315 | D:10     | Found a staircase to the Orcish Mines.
  8350 | D:10     | Bought a +2 hat for 192 gold pieces
  8551 | D:10     | Noticed a white ugly thing
  8560 | D:10     | Killed a white ugly thing
  8871 | D:10     | Noticed a cyan ugly thing
  8882 | D:10     | Killed a cyan ugly thing
  8982 | Lair:1   | Entered Level 1 of the Lair of Beasts
  9099 | Lair:1   | Reached skill level 13 in Maces & Flails
  9540 | Lair:1   | Noticed a five-headed hydra
  9549 | Lair:1   | Killed a five-headed hydra
  9923 | Lair:2   | Reached XP level 12. HP: 112/116 MP: 10/10
 10742 | Lair:3   | Reached skill level 14 in Maces & Flails
 10810 | Lair:3   | Noticed a four-headed hydra
 10814 | Lair:3   | Killed a four-headed hydra
 10859 | Lair:3   | Noticed Rupert
 10874 | Lair:3   | Killed Rupert
 10902 | Lair:3   | Found a staircase to the Swamp.
 10978 | Lair:3   | Found a staircase to the Snake Pit.
 10983 | Lair:3   | Reached skill level 15 in Maces & Flails
 11064 | Lair:3   | Reached ****** piety under Makhleb
 11857 | Lair:4   | Noticed a five-headed hydra
 11864 | Lair:4   | Killed a five-headed hydra
 11864 | Lair:4   | Reached skill level 10 in Armour
 12320 | Lair:5   | Reached XP level 13. HP: 123/123 MP: 11/11
 12438 | Lair:5   | Reached skill level 16 in Maces & Flails
 12503 | Lair:5   | Reached skill level 1 in Dodging
 12844 | Lair:5   | Noticed Urug
 12857 | Lair:5   | Killed Urug
 13081 | Lair:6   | Entered Level 6 of the Lair of Beasts
 13094 | Lair:6   | Noticed Josephine
 13102 | Lair:6   | Killed Josephine
 13107 | Lair:6   | Reached skill level 5 in Dodging
 13291 | Lair:6   | Reached skill level 10 in Invocations
 13345 | Lair:6   | Reached skill level 1 in Evocations
 13367 | Lair:6   | Found a runed translucent door.
 13368 | Lair:6   | Noticed vishdafish's ghost (journeyman GnFi)
 13394 | Lair:6   | Killed vishdafish's ghost
 13734 | Lair:6   | Found a viscous altar of Jiyva.
 13737 | Lair:6   | Found a staircase to the Slime Pits.
 13894 | Lair:6   | Gained mutation: You resist negative energy. (rN+) [Deep
                  | Dwarf growth]
 13894 | Lair:6   | Reached XP level 14. HP: 84/133 MP: 16/16
 14118 | Lair:6   | Reached skill level 5 in Evocations
 14750 | Swamp:1  | Entered Level 1 of the Swamp
 15787 | Swamp:2  | Noticed a thorn hunter
 15817 | Swamp:2  | HP: 1/135 [slime creature (7)]
 15819 | Swamp:2  | Slain by a slime creature

Skill      XL: |  1  2  3  4  5  6  7  8  9 10 11 12 13 14 |
---------------+-------------------------------------------+-----
Fighting       | 3 4 5 6 8 9 10 11 | 11.2
Maces & Flails | 3 4 5 6 8 10 11 13 15 16 | 16.0
Invocations    | 4 6 10 12 | 12.4
Armour         | 5 7 10 | 10.0
Shields        | 5 6 8 |  8.8
Dodging        | 6 |  6.1
Evocations     | 3 6 |  6.0

Action                   |  1- 3 |  4- 6 |  7- 9 | 10-12 | 13-15 || total
-------------------------+-------+-------+-------+-------+-------++-------
Melee: Flail             |   169 |   196 |       |       |       ||   365
       Morningstar       |       |    80 |   296 |   397 |   621 ||  1394
       Whip              |       |       |   181 |   226 |       ||   407
Invok: Lesser Servant of |       |       |       |     3 |       ||     3
       Major Destruction |       |       |       |     1 |     2 ||     3
       Minor Destruction |       |       |       |       |     1 ||     1
 Abil: Heal Wounds       |     1 |     5 |    14 |     7 |    10 ||    37
  Use: Scroll            |       |       |     9 |    11 |    10 ||    30
       Potion            |       |       |       |     3 |       ||     3
 Stab: Distracted        |       |       |       |     1 |       ||     1
       Confused          |       |       |       |       |     2 ||     2
  Eat: Chunk             |     2 |     6 |    12 |    14 |    12 ||    46
       Ration            |       |       |       |     1 |       ||     1
Armor: Scale mail        |   104 |    57 |     8 |   374 |   484 ||  1027
       Chain mail        |       |   131 |   250 |       |       ||   381
Dodge: Dodged            |    69 |    88 |   100 |   176 |   388 ||   821
Block: Shield            |   103 |   199 |   237 |   386 |   489 ||  1414
